 Dungeon Crawl Stone Soup version 0.26-a0-652-gafc20e3620 (webtiles) character file.

Game seed: 5979856578859340445

36155 robertstho the Gelid (level 13, 0/68 HPs)
             Began as a Deep Elf Ice Elementalist on Oct 2, 2020.
             Was an Elder of Sif Muna.
             Slain by an ice beast (13 damage)
             ... summoned by Fannar
             ... on level 9 of the Dungeon on Oct 3, 2020.
             The game lasted 00:58:09 (23187 turns).

robertstho the Gelid (Deep Elf Ice Elementalist)   Turns: 23187, Time: 00:58:10

Health: 0/68       AC: 15    Str:  5    XL:     13   Next: 51%
Magic:  19/32      EV: 14    Int: 32    God:    Sif Muna [****..]
Gold:   763        SH:  0    Dex: 15    Spells: 11/38 levels left

rFire    . . .     SeeInvis .   q - +2 quarterstaff (chaos)
rCold    . . .     Faith    .   (shield currently unavailable)
rNeg     . . .     Spirit   .   R - +0 troll leather armour
rPois    .         Reflect  .   X - +0 helmet
rElec    .         Harm     .   a - scarf {repulsion}
rCorr    .         Rampage  .   F - +0 pair of gloves
MR       +....                  n - +0 pair of boots
Stlth    +++++.....             (no amulet)
HPRegen  0.61/turn              o - +6 ring of intelligence
MPRegen  0.23/turn              h - ring of Robustness {AC+8}

@: repel missiles
A: no striking features
a: Channel Magic, Forget Spell, Divine Exegesis, Renounce Religion


You were on level 9 of the Dungeon.
You worshipped Sif Muna.
Sif Muna was greatly pleased with you.
You visited 4 branches of the dungeon, and saw 19 of its levels.
You also visited: Ossuary.

You collected 1189 gold pieces.
You spent 426 gold pieces at shops.

Inventory:

Hand Weapons
 q - a +2 quarterstaff of chaos (weapon)
 G - a +1 great sword of holy wrath
Missiles
 e - 74 poisoned darts (quivered)
Armour
 a - a scarf of repulsion (worn)
 n - a +0 pair of boots (worn)
 F - a +0 pair of gloves (worn)
 R - a +0 troll leather armour (worn)
 U - a +1 robe of positive energy
 X - a +0 helmet (worn)
Magical Staves
 V - an uncursed staff of earth
Jewellery
 h - the ring of Robustness (right hand) {AC+8}
   (You found it on level 5 of the Dungeon)

   [ring of protection]

   It affects your AC (+8).
 j - a +4 ring of protection
 o - a +6 ring of intelligence (left hand)
 r - an uncursed ring of protection from cold
 x - a +4 ring of evasion
 K - an uncursed ring of see invisible
 O - the ring "Vajacok" {*Tele rElec Str+5}
   (You found it on level 6 of the Lair of Beasts)

   [ring of teleportation]

   It may teleport you next to monsters.
   It affects your strength (+5).
   It insulates you from electricity.
Wands
 d - a wand of acid (5)
 w - a wand of iceblast (7)
 y - a wand of random effects (108)
 J - a wand of enslavement (7)
 L - a wand of polymorph (13)
 Q - a wand of paralysis (10)
 T - a wand of flame (19)
Scrolls
 c - 13 scrolls of teleportation
 f - 2 scrolls of magic mapping
 k - 3 scrolls of enchant weapon
 l - 4 scrolls of fear
 m - 11 scrolls of remove curse
 u - 2 scrolls of immolation
 H - 2 scrolls of identify
 I - 7 scrolls of fog
 M - 3 scrolls of vulnerability
 P - a scroll of amnesia
Potions
 b - 4 potions of mutation
 g - 3 potions of lignification
 i - 2 potions of flight
 s - 3 potions of heal wounds
 t - 4 potions of cancellation
 v - 2 potions of invisibility
 z - 3 potions of brilliance
 A - 8 potions of stabbing
 B - 5 potions of curing
 C - 4 potions of resistance
 D - a potion of haste
 E - a potion of berserk rage
 N - 6 potions of magic
 W - a potion of ambrosia


   Skills:
 + Level 2.5 Fighting
   Level 0.2 Short Blades
 + Level 4.7 Staves
 + Level 2.2 Armour
 * Level 5.8 Dodging
 + Level 11.6 Stealth
 + Level 13.2 Spellcasting
 + Level 6.5 Summonings
 * Level 15.3 Ice Magic
 + Level 1.0 Air Magic
 * Level 9.2 Invocations


You had 11 spell levels left.
You knew the following spells:

 Your Spells              Type           Power        Failure   Level
a - Freeze                Ice            ####         0%          1
b - Frozen Ramparts       Ice            ######       1%          3
c - Ozocubu's Armour      Ice            #######.     1%          3
d - Hailstorm             Conj/Ice       ######..     1%          4
e - Summon Ice Beast      Ice/Summ       ######..     1%          4
f - Summon Lightning Spi  Summ/Air       #####...     8%          4
g - Blink                 Tloc           N/A          5%          2
h - Ozocubu's Refrigerat  Ice            #######...   1%          6

Your spell library contained the following spells:

 Spells                   Type           Power        Failure   Level
 Summon Small Mammal      Summ           ####         1%          1
 Call Imp                 Summ           ######..     1%          2
 Call Canine Familiar     Summ           ######..     1%          3
 Summon Guardian Golem    Hex/Summ       #####...     2%          3
 Sting                    Tmut/Pois      ###.         3%          1
 Passwall                 Tmut/Erth      ###.....     5%          2
 Gell's Gravitas          Tloc           ###.......   11%         3
 Lesser Beckoning         Tloc           ###.......   11%         3
 Teleport Other           Tloc           ###.....     11%         3
 Simulacrum               Ice/Necr       ######....   24%         6
 Passage of Golubria      Tloc           N/A          34%         4
 Irradiate                Conj/Tmut      ###.......   67%         5
 Hydra Form               Tmut           ###.......   99%         6
 Statue Form              Tmut/Erth      ###......    99%         6
 Dragon Form              Tmut           ###.......   100%        7


Dungeon Overview and Level Annotations

Branches:
Dungeon (11/15)            Temple (1/1) D:4            Lair (6/6) D:8
 Shoals (0/4) Lair:2       Spider (0/4) Lair:3        Slime (0/5) Lair:5
    Orc (1/2) D:11        Ossuary (visited)

Altars:
Ashenzari
Cheibriados
Dithmenos
Elyvilon
Fedhas
Gozag
Hepliaklqana
Kikubaaqudgha
Makhleb
Nemelex Xobeh
Okawaru
Qazlal
Ru
Sif Muna
Trog
Uskayaw
Vehumet
Wu Jian
Yredelemnul
Zin
The Shining One
Lugonu

Shops:
D:4 *   D:5 [   D:7 ?   D:8 *

Annotations:
D:5 452 robe
D:9 Fannar


Message History

Fannar gestures wildly while chanting.
The ice beast hits your ice beast but does no damage.
Your ice beast hits the ice beast but does no damage.
Fannar casts a spell.
Fannar drains the heat from the surrounding environment!
You feel very cold.
* * * LOW HITPOINT WARNING * * *
Fannar is frozen.
Fannar resists.
The ice beast closely misses your ice beast.
Your ice beast closely misses the ice beast.
The ice beast hits your ice beast but does no damage.
Your ice beast misses the ice beast.
Your magical contamination has completely faded away.
Your ice beast disappears in a puff of smoke!
There is a stone staircase leading up here.
You see here a potion of degeneration.
The ice beast hits you.
* * * LOW HITPOINT WARNING * * *
The ice beast freezes you!
You die...

#..# #.# #.# # #.Y#
#.# #.# # #..# #.# #.#
### #..# #Y# #.# #..
#..# #># #### #.# #..#
#Y# #_# #.#
#..####e##### #.# #)#
#.....Y§....###.####.#
##...@......#.....##.#
######.....#.....##.#
#####.#.....#...
#.#.....###. #.#.....#
#. #.#.....# #.
#.#.....# #. #.#.....#
#. #####.#####.


You could see Fannar (icy armour) and 2 ice beasts.

Vanquished Creatures
  Harold (D:7)
  A catoblepas (Lair:6)
  A two-headed ogre (D:7)
  2 death yaks (Lair:4)
  An unseen horror (D:11)
  A cyclops (D:11)
  A manticore (Lair:6)
  4 elephants (Lair:6)
  A centaur zombie (D:10)
  2 black mambas
  3 cane toads
  6 blink frogs
  5 hippogriffs
  A shadow (D:11)
  A redback (Lair:3)
  Sigmund (D:6)
  7 yaks
  Grum (D:11)
  Edmund (D:6)
  6 water moccasins
  5 porcupines
  5 orc warriors
  An ice beast (D:11)
  3 sky beasts
  A phantom (D:7)
  4 black bears
  29 wolves
  3 ogres
  7 centaurs
  3 crocodiles
  3 big kobolds
  9 bullfrogs
  2 elf zombies (Ossuary)
  A scorpion (D:7)
  A water moccasin skeleton (D:4)
  A killer bee (D:11)
  2 vampire bats (D:5)
  2 howler monkeys
  2 bullfrog zombies
  4 orc priests
  2 hounds
  2 jellies
  7 orc wizards
  A gnoll shaman (D:6)
  Crazy Yiuf (D:2)
  A bullfrog skeleton (D:7)
  Natasha (thrice) (D:4)
  Terence (D:2)
  8 worker ants
  2 hound zombies (D:5)
  A mummy (Ossuary)
  A howler monkey zombie (D:6)
  7 gnolls
  A howler monkey skeleton (D:4)
  4 adders
  3 white imps
  An ufetubus (D:5)
  2 oozes
  A worm zombie (D:8)
  An adder zombie (D:6)
  A worm (D:2)
  A dart slug (D:6)
  4 leopard geckos
  35 orcs
  12 bats
  4 bat skeletons (D:5)
  2 bat zombies (D:5)
  3 giant cockroaches
  A gnoll zombie (D:9)
  4 goblins
  8 hobgoblins
  10 jackals
  18 kobolds
  5 quokkas
  5 frilled lizards
  A goblin zombie (Ossuary)
  A jackal skeleton (D:7)
  A jackal zombie (Ossuary)
  A leopard gecko skeleton (D:4)
  2 quokka zombies
  4 rats
308 creatures vanquished.

Vanquished Creatures (collateral kills)
  5 hydras
  A merfolk avatar (Lair:6)
  2 two-headed ogres
  3 death yaks (Lair:4)
  A harpy (Lair:6)
  An ugly thing (D:11)
  2 manticores
  11 elephants
  A torpor snail (Lair:6)
  3 black mambas
  A gargoyle (D:10)
  7 cane toads
  Psyche (D:11)
  A rime drake (Lair:6)
  7 komodo dragons
  A meliai (shapeshifter) (Lair:6)
  A troll (D:10)
  3 jumping spiders (Lair:3)
  A wind drake (Lair:6)
  14 blink frogs
  2 tyrant leeches (Lair:6)
  2 polar bears (Lair:6)
  3 hippogriffs
  3 redbacks (Lair:3)
  4 yaks (D:10)
  3 water moccasins (Lair:6)
  2 swamp worms (Lair:6)
  5 porcupines
  4 orc warriors
  An ice beast (D:8)
  A black bear (D:11)
  3 centaurs
  An eye of draining (D:11)
  5 wolves
  2 ogres
  3 crocodiles
  3 bullfrogs
  2 killer bees (D:11)
  4 wights (D:7)
  3 electric eels
  A centaur zombie (D:9)
  A hound (D:10)
  4 orc wizards
  3 orc priests (D:10)
  4 human zombies (Ossuary)
  A worker ant (D:11)
  A big kobold zombie (Ossuary)
  A hound zombie (Ossuary)
  2 mummies (Ossuary)
  2 gnolls (D:7)
  2 adders
  A white imp (D:10)
  An ufetubus (D:10)
  5 adder zombies
  11 orcs
  A kobold (D:11)
  2 quokkas (D:11)
  3 gnoll zombies
  3 goblin zombies (Ossuary)
  A hobgoblin zombie (Ossuary)
  3 jackal zombies (Ossuary)
  2 kobold zombies (Ossuary)
  3 orc zombies (Ossuary)
  6 quokka zombies (Ossuary)
  3 rat zombies (Ossuary)
190 creatures vanquished.

Vanquished Creatures (others)
  A blink frog (Lair:6)
  A water moccasin (Lair:5)
  A worker ant (D:4)
  A bush (Lair:6)
  110 fungi
  113 plants
227 creatures vanquished.

Grand Total: 725 creatures vanquished

Notes
Turn   | Place    | Note
-------+----------+-------------------------------------------
     0 | D:1      | robertstho the Deep Elf Ice Elementalist began the quest
                  | for the Orb.
     0 | D:1      | Reached XP level 1. HP: 10/10 MP: 6/6
   293 | D:1      | Reached XP level 2. HP: 7/15 MP: 5/8
   947 | D:1      | Reached skill level 5 in Ice Magic
  2006 | D:2      | Reached XP level 3. HP: 16/19 MP: 7/9
  2565 | D:2      | Found a blossoming altar of Fedhas.
  2606 | D:2      | Noticed Terence
  2619 | D:2      | Killed Terence
  2619 | D:2      | Reached XP level 4. HP: 11/24 MP: 1/11
  2783 | D:2      | Learned a level 3 spell: Frozen Ramparts
  2787 | D:2      | Learned a level 3 spell: Ozocubu's Armour
  3024 | D:2      | Found a runed translucent door.
  3025 | D:2      | Noticed Crazy Yiuf
  3251 | D:2      | Killed Crazy Yiuf
  3387 | D:3      | Found an iron altar of Okawaru.
  3599 | D:3      | Reached skill level 6 in Ice Magic
  4142 | D:4      | Noticed an ogre
  4149 | D:4      | Reached XP level 5. HP: 26/28 MP: 3/12
  4239 | D:4      | Noticed Natasha
  4249 | D:4      | Killed Natasha
  4275 | D:4      | Noticed Natasha
  4292 | D:4      | Killed Natasha
  4292 | D:4      | Reached XP level 6. HP: 20/33 MP: 8/14
  4324 | D:4      | Reached skill level 5 in Stealth
  4415 | D:4      | Reached skill level 7 in Ice Magic
  4570 | D:4      | Noticed Natasha
  4575 | D:4      | Killed Natasha
  4594 | D:4      | Reached skill level 1 in Fighting
  4594 | D:4      | Reached skill level 5 in Spellcasting
  4594 | D:4      | Reached XP level 7. HP: 37/38 MP: 10/16
  4883 | D:4      | Found Mikuer Boli's Assorted Antiques.
  4998 | D:4      | Found a staircase to the Ecumenical Temple.
  5109 | Temple   | Entered the Ecumenical Temple
  5132 | Temple   | Became a worshipper of Sif Muna the Loreminder
  5177 | D:5      | Entered Level 5 of the Dungeon
  5264 | D:5      | Found an ornate altar of the Wu Jian Council.
  5300 | D:5      | Reached skill level 1 in Staves
  5300 | D:5      | Reached skill level 1 in Invocations
  5362 | D:5      | Found a shadowy altar of Dithmenos.
  5625 | D:5      | Found a shadowy altar of Dithmenos.
  5661 | D:5      | Found Enou's Armour Shoppe.
  5770 | D:5      | Found a broken altar of Ashenzari.
  5771 | D:5      | Found the ring of Robustness {AC+8}
  5881 | D:5      | Found a hazy altar of Hepliaklqana.
  6033 | D:5      | Reached * piety under Sif Muna
  6084 | D:5      | Found an ancient bone altar of Kikubaaqudgha.
  6123 | D:5      | Reached XP level 8. HP: 43/43 MP: 15/19
  6334 | D:5      | Reached skill level 8 in Ice Magic
  6611 | D:6      | Noticed Sigmund
  6612 | D:6      | Noticed Edmund
  6621 | D:6      | Killed Sigmund
  6627 | D:6      | Killed Edmund
  6738 | D:6      | Found a bloodstained altar of Trog.
  6862 | D:6      | Found a stormy altar of Qazlal.
  6974 | D:6      | Found a snail-covered altar of Cheibriados.
  7116 | D:6      | Found a hide-covered altar of Uskayaw.
  7116 | D:6      | Found a glowing golden altar of the Shining One.
  7226 | D:7      | Noticed Harold
  7246 | D:6      | Learned a level 4 spell: Hailstorm
  7251 | D:6      | Learned a level 4 spell: Summon Ice Beast
  7437 | D:7      | Found Dyarchur's Magic Scroll Shop.
  7449 | D:7      | Bought a scroll of identify for 28 gold pieces
  7449 | D:7      | Bought a scroll of identify for 28 gold pieces
  7449 | D:7      | Bought a scroll of vulnerability for 105 gold pieces
  7449 | D:7      | Bought a scroll of immolation for 49 gold pieces
  7449 | D:7      | Bought a scroll of identify for 28 gold pieces
  7449 | D:7      | Bought a scroll of fog for 28 gold pieces
  7449 | D:7      | Bought a scroll of identify for 28 gold pieces
  7560 | D:7      | Killed Harold
  7560 | D:7      | Reached XP level 9. HP: 41/48 MP: 9/21
  7775 | D:7      | Found a white marble altar of Elyvilon.
  7856 | D:7      | Reached skill level 9 in Ice Magic
  8092 | D:7      | Noticed a two-headed ogre
  8105 | D:7      | Killed a two-headed ogre
  8105 | D:7      | Reached ** piety under Sif Muna
  8105 | D:7      | Reached skill level 1 in Summonings
  8555 | D:8      | Noticed a two-headed ogre
  8567 | D:8      | Killed a two-headed ogre
  8567 | D:8      | Reached skill level 10 in Ice Magic
  8704 | D:8      | Found a sand-covered staircase.
  8719 | Ossuary  | Entered an ossuary
  9067 | Ossuary  | Reached skill level 5 in Invocations
  9079 | Ossuary  | Reached XP level 10. HP: 43/54 MP: 17/24
  9264 | Ossuary  | Reached *** piety under Sif Muna
  9875 | D:8      | Found a staircase to the Lair.
 10010 | D:8      | Found Vioqyn's Assorted Antiques.
 10018 | D:8      | Bought 3 scrolls of identify for 132 gold pieces
 10714 | D:9      | Found a sparkling altar of Nemelex Xobeh.
 10751 | D:9      | Found a blossoming altar of Fedhas.
 11364 | D:9      | Found a basalt altar of Yredelemnul.
 11491 | D:10     | Entered Level 10 of the Dungeon
 11604 | D:10     | Reached skill level 11 in Ice Magic
 11616 | D:10     | Noticed a gargoyle
 11633 | D:10     | Killed a gargoyle
 11848 | D:10     | Noticed Fannar
 12120 | D:9      | HP: 2/54 [Fannar/refrigeration (35)]
 12169 | D:10     | Reached **** piety under Sif Muna
 12177 | D:10     | Reached skill level 10 in Spellcasting
 12583 | D:10     | Reached XP level 11. HP: 38/58 MP: 27/27
 12736 | D:10     | Found Qeufuok's Distillery.
 13510 | D:11     | Reached skill level 12 in Ice Magic
 13621 | D:11     | Found a staircase to the Orcish Mines.
 13987 | D:11     | Noticed a two-headed ogre
 14003 | D:11     | Noticed a white ugly thing
 14020 | D:11     | Killed a white ugly thing
 14037 | D:11     | Killed a two-headed ogre
 14261 | D:11     | Reached ***** piety under Sif Muna
 14574 | D:11     | Received a gift from Sif Muna
 14726 | D:11     | Noticed Psyche
 14727 | D:11     | Killed Psyche
 14822 | D:11     | Killed an unseen horror
 14959 | D:11     | Noticed Grum
 14963 | D:11     | Killed Grum
 15122 | Orc:1    | Entered Level 1 of the Orcish Mines
 15122 | Orc:1    | Noticed an orc knight
 15278 | Lair:1   | Entered Level 1 of the Lair of Beasts
 15681 | Lair:1   | Reached skill level 10 in Stealth
 16338 | Lair:2   | Found a staircase to the Shoals.
 16344 | Lair:2   | Reached skill level 13 in Ice Magic
 16440 | Lair:2   | Noticed a four-headed hydra
 16448 | Lair:2   | Killed a four-headed hydra
 16663 | Lair:2   | Reached skill level 1 in Armour
 16772 | Lair:2   | Reached XP level 12. HP: 58/64 MP: 25/29
 17507 | Lair:3   | Noticed an eight-headed hydra
 17529 | Lair:3   | Killed an eight-headed hydra
 18151 | Lair:3   | Found a hole to the Spider Nest.
 18846 | Lair:4   | Noticed a death yak
 18848 | Lair:4   | Noticed a death yak
 18849 | Lair:4   | Noticed a death yak
 18850 | Lair:4   | Noticed a death yak
 18851 | Lair:4   | Noticed a death yak
 18864 | Lair:4   | Killed a death yak
 18864 | Lair:4   | Identified Sif Muna's Guide on Frigorific Transformation
                  | (Sif Muna gifted it to you on level 4 of the Lair of
                  | Beasts)
 18864 | Lair:4   | Received a gift from Sif Muna
 18864 | Lair:4   | Killed a death yak
 18864 | Lair:4   | Reached skill level 5 in Summonings
 18870 | Lair:4   | Killed a death yak
 18870 | Lair:4   | Reached skill level 5 in Dodging
 18870 | Lair:4   | Reached skill level 14 in Ice Magic
 18875 | Lair:4   | Killed a death yak
 18909 | Lair:4   | Killed a death yak
 19276 | Lair:4   | You fall into a shaft and drop 2 floors!
 19276 | Lair:6   | Entered Level 6 of the Lair of Beasts
 19369 | Lair:6   | Noticed a catoblepas
 19381 | Lair:6   | Noticed an eight-headed hydra
 19390 | Lair:6   | Killed an eight-headed hydra
 19713 | Lair:6   | Reached XP level 13. HP: 63/68 MP: 6/31
 20423 | Lair:5   | Found a staircase to the Slime Pits.
 21249 | Lair:5   | Reached skill level 15 in Ice Magic
 21564 | Lair:6   | Learned a level 4 spell: Summon Lightning Spire
 21567 | Lair:6   | Learned a level 2 spell: Blink
 21574 | Lair:6   | Learned a level 6 spell: Ozocubu's Refrigeration
 22412 | Lair:6   | Reached skill level 1 in Air Magic
 22900 | Lair:6   | Got a shimmering amber ring
 22993 | Lair:6   | Identified the ring "Vajacok" {*Tele rElec Str+5} (You
                  | found it on level 6 of the Lair of Beasts)
 23187 | D:9      | Slain by an ice beast

Illustrated notes

Levels and vault maps discovered:
D:1:      mrwooster_arrival_statue_2, layout_loops_corners
D:2:      layout_basic, overflow_temple_1_default, uniq_crazy_yiuf_cottage,
          uniq_terence
D:3:      layout_basic, lemuel_crystal_altar
D:4:      layout_cave_pools, lemuel_temple_firewalk_b, serial_shops,
          nicolae_shop_window_shopping, skrybe_limestone_x, minivault_23,
          uniq_natasha
D:5:      corexii_shack_village, layout_basic, kennysheep_vampire_church,
          overflow_temple_1_default, evilmike_ruin_ashenzari,
          lemuel_doored_altar, basic_altar, serial_shops, nicolae_shop_stone,
          grunt_dithmenos_smoke_and_mirrors
D:6:      layout_cave_pools, kennysheep_slug_shrine, bloody_trog,
          grunt_qazlal_sundering, gammafunk_temple_overflow_elements,
          uniq_sigmund, uniq_edmund
D:7:      layout_loops_ring, lemuel_crystal_altar, serial_shops, shop_scrolls,
          uniq_harold
D:8:      layout_gridville, due_lair_maze_entry_diamond, enter_ossuary_3,
          serial_shops, kennysheep_mini
D:9:      layout_loops_ring, nemelex_xobeh_ov_fountains_minmay,
          lemuel_zombie_altar_yredelemnul, basic_altar
D:10:     layout_cave_pools, serial_shops, kennysheep_mini_moat, uniq_fannar
D:11:     layout_loops_ring, erik_orc_2, uniq_grum, uniq_psyche
Temple:   corrupted_temple
Lair:1:   layout_regular_city, st_stairs_3, serial_bayou_shore_a
Lair:2:   layout_loops_ring, minmay_shoals_entry_beasts, grunt_megastairs_1,
          infiniplex_staircase_pool_2
Lair:3:   layout_cave_shapes, nicolae_spider_entry_tight_spaces
Lair:4:   layout_cellular_growth, serial_bayou_pond_e
Lair:5:   layout_regular_city, dpeg_slime_entry_corner
Lair:6:   gammafunk_lair_ancient_temple, layout_regular_city, worms_lemuel
Orc:1:    layout_caves

Skill      XL: |  1  2  3  4  5  6  7  8  9 10 11 12 13 |
---------------+----------------------------------------+-----
Ice Magic      | 5 6 7 8 10 11 13 14 15 | 15.3
Stealth        | 3 4 5 7 9 10 11 | 11.6
Spellcasting   | 4 5 6 7 8 10 11 12 13 | 13.2
Fighting       | 1 2 |  2.5
Staves         | 1 3 4 |  4.7
Dodging        | 3 4 5 |  5.8
Invocations    | 1 3 5 6 7 8 9 |  9.2
Summonings     | 2 3 4 5 6 |  6.5
Armour         | 1 2 |  2.2
Air Magic      | 1 |  1.0
Short Blades   | |  0.2

Action                   |  1- 3 |  4- 6 |  7- 9 | 10-12 | 13-15 || total
-------------------------+-------+-------+-------+-------+-------++-------
Melee: Unarmed           |    14 |       |       |       |       ||    14
       Dagger            |    56 |     1 |       |       |       ||    57
       Quarterstaff      |       |    21 |   152 |   108 |    32 ||   313
 Cast: Freeze            |    38 |     9 |    16 |     8 |       ||    71
       Frozen Ramparts   |       |    20 |    34 |   111 |    19 ||   184
       Summon Ice Beast  |       |       |    29 |   210 |   107 ||   346
       Hailstorm         |       |       |       |     7 |       ||     7
       Summon Lightning  |       |       |       |       |    15 ||    15
       Ozocubu's Refrige |       |       |       |       |     3 ||     3
Invok: Channel Magic     |       |       |       |     5 |     5 ||    10
Evoke: Wand              |       |       |       |     1 |       ||     1
  Use: Scroll            |       |       |    15 |     9 |     2 ||    26
       Potion            |       |       |       |     3 |     1 ||     4
 Stab: Sleeping          |     8 |     1 |     8 |       |       ||    17
       Distracted        |       |       |     1 |     1 |       ||     2
       Invisible         |       |       |       |       |     1 ||     1
Armor: Robe              |    29 |     9 |    91 |    68 |       ||   197
       Troll leather arm |       |       |       |   100 |    48 ||   148
Dodge: Dodged            |    70 |    25 |   141 |   236 |    73 ||   545
       Repelled          |       |       |       |     1 |     1 ||     2

Table legend: (Time is in decaauts)
 A = Elapsed time spent in this place.
 B = Non-inter-level travel time spent in this place.
 C = Inter-level travel time spent in this place.
 D = Time resting spent in this place.
 E = Time spent auto-exploring this place.
 F = Levels seen in this place.
 G = Mean time per level.
                   A        B        C        D        E       F      G
               +--------+--------+--------+--------+--------+-----+--------+
         Total |  23315 |  22445 |    870 |   2589 |  15792 |  20 | 1165.8 |
       Dungeon |  14511 |  13984 |    527 |   1787 |   9734 |  11 | 1319.2 |
        Temple |     40 |     24 |     16 |      0 |     15 |   1 |   40.0 |
          Lair |   7917 |   7592 |    325 |    800 |   5454 |   6 | 1319.5 |
  Orcish Mines |      3 |      3 |      0 |      0 |      0 |   1 |    3.0 |
       Ossuary |    842 |    842 |      0 |      2 |    588 |   1 |  842.0 |
               +--------+--------+--------+--------+--------+-----+--------+

Top non-repeatable levels by time:
    D:11: 2308 daAuts
  Lair:6: 2280 daAuts
     D:1: 1849 daAuts
  Lair:5: 1543 daAuts
     D:2: 1456 daAuts
     D:8: 1447 daAuts
     D:5: 1406 daAuts
  Lair:3: 1370 daAuts
     D:7: 1279 daAuts
  Lair:2: 1133 daAuts
    D:10: 1109 daAuts
     D:9: 1098 daAuts
  Lair:1: 1091 daAuts
     D:4: 1001 daAuts
     D:3: 843 daAuts
